 Dungeon Crawl Stone Soup version 0.29-a0-304-gb34f9e133a (webtiles) character file.

Game seed: 9186289105955078804

346 Ajdolov the Covert (level 6, -6/35 HPs)
             Began as a Kobold Brigand on Mar 26, 2022.
             Mangled by Menkaure (14 damage)
             ... on level 4 of the Dungeon.
             The game lasted 00:04:43 (4412 turns).

Ajdolov the Covert (Kobold Brigand)                 Turns: 4412, Time: 00:04:43

Health: -6/35      AC:  5    Str:  9    XL:     6   Next: 90%
Magic:  6/6        EV: 14    Int: 12    God:
Gold:   222        SH:  0    Dex: 18    Spells: 5/5 levels left

rFire   . . .      SeeInvis .   a - +2 dagger
rCold   . . .      Faith    .   (no shield)
rNeg    . . .      Spirit   .   b - +0 robe
rPois   .          Reflect  .   q - +0 helmet
rElec   .          Harm     .   c - +0 cloak
rCorr   .          Rampage  .   y - +0 pair of gloves
Will    .....                   (no boots)
Stlth   +++++.....              (no amulet)
HPRegen 0.11/turn               (no ring)
MPRegen 0.10/turn               (no ring)

@: no status effects
A: small, no large weapons, nightstalker 3
a: no special abilities


You were on level 4 of the Dungeon.
You visited 1 branch of the dungeon, and saw 4 of its levels.

You collected 222 gold pieces.

Inventory:

Hand Weapons
 a - a +2 dagger (weapon)
Missiles
 d - 12 poisoned darts (quivered)
 e - 3 curare-tipped darts
Armour
 b - a +0 robe (worn)
 c - a +0 cloak (worn)
 q - a +0 helmet (worn)
 y - a +0 pair of gloves (worn)
Jewellery
 w - an amulet of guardian spirit
Wands
 v - a wand of polymorph (1)
Scrolls
 f - 2 scrolls of vulnerability {unknown}
 g - 2 scrolls of teleportation {unknown}
 h - a scroll of fear {unknown}
 k - a scroll of noise {unknown}
 l - 4 scrolls of identify {unknown}
 n - a scroll of magic mapping {unknown}
 p - a scroll of amnesia {unknown}
 x - a scroll of fog {unknown}
Potions
 i - 3 potions of invisibility {unknown}
 j - a potion of mutation {unknown}
 m - a potion of heal wounds {unknown}
 o - a potion of haste {unknown}
 r - a potion of flight {unknown}
 s - a potion of lignification {unknown}
 t - 2 potions of curing {unknown}
 u - a potion of resistance {unknown}


   Skills:
 - Level 2.1 Fighting
 + Level 6.6 Short Blades
 - Level 2.1 Throwing
 - Level 1.2 Dodging
 + Level 8.5 Stealth


You had 5 spell levels left.
You didn't know any spells.
Your spell library contained the following spells:

 Spells                   Type           Power      Damage    Failure   Level
 Beastly Appendage        Tmut           0%         N/A       32%         1
 Magic Dart               Conj           0%         1d3       32%         1
 Call Imp                 Summ           0%         N/A       45%         2
 Wereblood                Tmut           0%         N/A       45%         2
 Mephitic Cloud           Conj/Pois/Air  0%         N/A       69%         3
 Spider Form              Tmut/Pois      0%         N/A       69%         3


Dungeon Overview and Level Annotations

Branches:
Dungeon (4/15)
 Temple: D:4-7

Altars:
Dithmenos
Xom

Annotations:
D:4 Menkaure


Innate Abilities, Weirdness & Mutations

You are small and have problems with some larger weapons.
You are completely attuned to the shadows.


Message History

You kill the jackal!
You open the door.
There is an open door here.
There is an open door here.
You open the door.
There is an open door here.
There is an open door here.
You open the door.
There is an open door here.
There is a stone staircase leading down here.
There is an open door here.
Found a mace.
You see here a +0 mace.
Found a leather armour.
No target in view!
You see here a +0 leather armour.
Found a hunting sling.
An adder comes into view.
The helpless adder fails to defend itself.
You perforate the adder like a sieve!!!
You kill the adder!
Menkaure, Prince of Dust comes into view.
Menkaure shouts!
Menkaure casts a spell.
Menkaure seems to speed up.
You hit Menkaure but do no damage.
Menkaure gestures at you while chanting.
Pain shoots through your body!
Okay, then.
You start putting on your amulet.
You continue putting on your amulet of guardian spirit.
Menkaure casts a spell at you.
Keep equipping yourself?
Pain shoots through your body!
You continue putting on your amulet of guardian spirit.
Menkaure hits you!
* * * LOW HITPOINT WARNING * * *
You continue putting on your amulet of guardian spirit.
Menkaure hits you!
You die...

#.........###.##.##.#.##
#.........###.##.###.##
##............##.# ###
##.....#.######+#
##...##.# ##...##
######.# ##.....#
##.##.###.......
##...#.##........
........+...@M...
##...#.##........
##.)....#.......
##.....##.....#
.......###...## ##.....#
#+## #.....#


You could see Menkaure (fast).

Vanquished Creatures
  A necrophage (D:3)
  A scorpion (D:3)
  Ijyb (D:3)
  Jessica (D:3)
  An orc wizard (D:3)
  Robin (D:3)
  5 adders
  2 dart slugs (D:2)
  3 orcs (D:3)
  7 ball pythons
  4 endoplasms
  4 giant cockroaches
  6 hobgoblins
  11 jackals
  7 kobolds
  3 quokkas
  4 bats
  3 frilled lizards
  13 goblins
  A rat (D:2)
79 creatures vanquished.

Vanquished Creatures (others)
  6 plants (D:3)
6 creatures vanquished.

Grand Total: 85 creatures vanquished

Notes
Turn   | Place    | Note
-------+----------+-------------------------------------------
     0 | D:1      | Ajdolov the Kobold Brigand began the quest for the Orb.
     0 | D:1      | Reached XP level 1. HP: 12/12 MP: 1/1
   216 | D:1      | Reached XP level 2. HP: 17/17 MP: 2/2
   568 | D:1      | Found a faded altar of an unknown god.
  1307 | D:2      | Reached XP level 3. HP: 21/21 MP: 3/3
  1323 | D:2      | Reached skill level 6 in Stealth
  1812 | D:2      | Found a shadowy altar of Dithmenos.
  2165 | D:2      | Reached XP level 4. HP: 26/26 MP: 4/4
  2555 | D:3      | Found a shimmering altar of Xom.
  2764 | D:3      | Noticed a scorpion
  2772 | D:3      | Killed a scorpion
  2773 | D:3      | Reached skill level 5 in Short Blades
  2773 | D:3      | Reached skill level 7 in Stealth
  2773 | D:3      | Reached XP level 5. HP: 30/30 MP: 5/5
  2792 | D:3      | Noticed Robin
  3003 | D:3      | Killed Robin
  3163 | D:3      | Noticed Jessica
  3171 | D:3      | Killed Jessica
  3468 | D:3      | Noticed Ijyb
  3472 | D:3      | Killed Ijyb
  3473 | D:3      | Reached XP level 6. HP: 35/35 MP: 6/6
  3594 | D:3      | Reached skill level 8 in Stealth
  4406 | D:4      | Noticed Menkaure
  4412 | D:4      | Mangled by Menkaure

Illustrated notes

Levels and vault maps discovered:
D:1:      psy_arrival_terrarium, layout_loops_corners,
          dreamdust_ecumenical_altar_angels_and_demons,
          chequers_serial_rivers_micro_a
D:2:      layout_loops_corners, chequers_serial_rivers_large_a,
          minmay_hexomino_r4
D:3:      layout_loops_ring, mainiacjoe_overflow_cross_hatched,
          mrwooster_statue_mirror, uniq_robin, uniq_ijyb, uniq_jessica
D:4:      layout_loops_corners, tgw_kikubaaqudgha, slow_altar_2, uniq_natasha,
          uniq_menkaure, uniq_blork_the_orc

Skill      XL: |  1  2  3  4  5  6 |
---------------+-------------------+-----
Short Blades   | 3 4 5 6 |  6.6
Stealth        | 6 7 8 |  8.5
Fighting       | |  2.1
Throwing       | |  2.1
Dodging        | |  1.2

Action                   |  1- 3 |  4- 6 || total
-------------------------+-------+-------++-------
Melee: Dagger            |    90 |   132 ||   222
       Punch             |     1 |       ||     1
Throw: Dart              |       |     6 ||     6
 Stab: Sleeping          |    17 |    12 ||    29
Armor: Robe              |     9 |    18 ||    27
Dodge: Dodged            |    58 |    59 ||   117

Table legend: (Time is in decaauts)
 A = Elapsed time spent in this place.
 B = Non-inter-level travel time spent in this place.
 C = Inter-level travel time spent in this place.
 D = Time resting spent in this place.
 E = Time spent auto-exploring this place.
 F = Levels seen in this place.
 G = Mean time per level.
                   A        B        C        D        E       F      G
               +--------+--------+--------+--------+--------+-----+--------+
         Total |   4370 |   4196 |    174 |    475 |   3144 |   4 | 1092.5 |
       Dungeon |   4370 |   4196 |    174 |    475 |   3144 |   4 | 1092.5 |
               +--------+--------+--------+--------+--------+-----+--------+

Top non-repeatable levels by time:
     D:2: 1529 daAuts
     D:3: 1297 daAuts
     D:1: 1240 daAuts
     D:4: 303 daAuts
